 Dungeon Crawl Stone Soup version 0.22-a0-160-gcc81d7a (webtiles) character file.

4887 Ghella the Basher (level 10, -8/63 HPs)
             Began as a Gargoyle Berserker on Feb 8, 2018.
             Was an Elder of Trog.
             Mangled by an orc warrior
             ... wielding a +0 battleaxe
              (16 damage)
             ... on level 8 of the Dungeon on Feb 11, 2018.
             The game lasted 00:26:08 (10328 turns).

Ghella the Basher (Gargoyle Berserker)             Turns: 10328, Time: 00:26:09

Health: -8/63      AC: 18    Str: 24    XL:     10   Next: 50%
Magic:  10/10      EV: 12    Int:  8    God:    Trog [****..]
Gold:   372        SH: 10    Dex:  9    Spells: 9/9 levels left

rFire    + . .     SeeInvis .   B - +0 flail (holy)
rCold    . . .     Gourm    .   n - +0 shield
rNeg     + . .     Faith    .   k - +0 ring mail (curse)
rPois    ∞         Spirit   .   (no helmet)
rElec    +         Reflect  .   (no cloak)
rCorr    .         Harm     .   r - +0 pair of gloves
MR       ++...                  (no boots)
Stlth    +.........             (no amulet)
HPRegen  1.20/turn              v - +4 ring of protection
MPRegen  0.12/turn              s - ring of protection from fire

@: regenerating
A: negative energy resistance 1, electricity resistance, unbreathing,
petrification resistance, rot immunity, AC +7
a: Berserk, Trog's Hand, Brothers in Arms, Burn Spellbooks, Renounce Religion


You were on level 8 of the Dungeon.
You worshipped Trog.
Trog was greatly pleased with you.
You were hungry.

You visited 1 branch of the dungeon, and saw 8 of its levels.

You collected 372 gold pieces.

Inventory:

Hand Weapons
 a - a +0 mace
 B - a +0 flail of holy wrath (weapon)
 J - a +0 whip of flaming
Armour
 k - a cursed +0 ring mail (worn)
 n - a +0 shield (worn)
 r - a +0 pair of gloves (worn)
 t - a +2 plate armour
Jewellery
 s - a ring of protection from fire (right hand)
 v - a +4 ring of protection (left hand)
Wands
 b - a wand of scattershot (7)
 h - a wand of iceblast (9)
 p - a wand of digging (23)
 u - a wand of flame (41)
 z - a wand of enslavement (14)
 H - a wand of polymorph (13)
Scrolls
 e - a scroll of blinking {unknown}
 j - 8 scrolls of identify
 m - 2 scrolls of remove curse {unknown}
 o - a scroll of random uselessness {unknown}
 y - a scroll of enchant weapon {unknown}
 A - a scroll of amnesia {unknown}
 C - 4 scrolls of fog
 F - a scroll of magic mapping {unknown}
 L - a scroll of enchant armour
Potions
 d - 4 potions of brilliance
 f - 2 potions of curing
 g - a potion of invisibility {unknown}
 i - 2 potions of lignification {unknown}
 l - 2 potions of cancellation {unknown}
 q - a potion of mutation {unknown}
 w - 2 potions of flight {unknown}
 x - 2 potions of resistance {unknown}
 D - a potion of degeneration {unknown}
 G - 2 potions of might
Books
 E - the Tome of the Alphagorgon
   (You found it on level 5 of the Dungeon)

   Spells                             Type                      Level
   a - Swiftness                      Charms/Air                   2
   b - Ensorcelled Hibernation        Hexes/Ice                    2
   c - Airstrike                      Air                          4
   d - Simulacrum                     Ice/Necromancy               6
   Trog disapproves of the use of such an item.
 I - a book of Flames

   Spells                             Type                      Level
   a - Flame Tongue                   Conjuration/Fire             1
   b - Throw Flame                    Conjuration/Fire             2
   c - Conjure Flame                  Conjuration/Fire             3
   d - Inner Flame                    Hexes/Fire                   3
   e - Sticky Flame                   Conjuration/Fire             4
   f - Fireball                       Conjuration/Fire             5
   Trog disapproves of the use of such an item.
Comestibles
 c - 8 rations


   Skills:
 + Level 7.3 Fighting
 + Level 9.6 Maces & Flails
 * Level 4.7 Armour
 + Level 6.4 Dodging
 - Level 1.8 Stealth
 + Level 6.4 Shields


You had 9 spell levels left.
You didn't know any spells.

Dungeon Overview and Level Annotations

Branches:
Dungeon (8/15)             Temple (0/1) D:6
   Lair: D:8-11

Altars:
Elyvilon
Gozag
Nemelex Xobeh
Okawaru
Qazlal
Sif Muna
Trog
Uskayaw
Vehumet

Shops:
D:7 =

Annotations:
D:7 Menkaure
D:8 Prince Ribbit


Innate Abilities, Weirdness & Mutations

You are resistant to torment.
Your stone body is resilient. (AC +7)
You are immune to poison.
You resist negative energy. (rN+)
You are resistant to electric shocks. (rElec)
You can survive without breathing.
You are immune to petrification.
You are immune to rotting.


Message History

* * * LOW HITPOINT WARNING * * *
You barely miss the orc priest.
The orc priest hits you but does no damage.
The orc priest hits you but does no damage.
Found 18 arrows and 14 poisoned needles.
Okay, then.
You feel better.
The orc warrior hits you with a battleaxe!!
* * * LOW HITPOINT WARNING * * *
The orc priest hits you but does no damage.
The orc priest looks satisfied for a moment.
The orc priest casts a cantrip, but nothing happens.
Found a human corpse.
Found a ring mail.
The orc priest begins to cast a cantrip, but forgets the words!
Your skin crawls.
You feel resistant to hostile enchantments.
You feel somewhat more hungry.
The orc warrior hits you with a battleaxe!
You die...

...........# #.## #.#.
.#.........#######.<###.#.
..[.....................#.
.........†................
######o.##.#######..######
#######..# .# #........
.........# .# ##.######
#######o###.# #.# #
.........o@.########.######
........###................
######### .########.######
## ### #


You could see an orc warrior and an orc priest.

Vanquished Creatures
  A two-headed ogre (D:8)
  Pikel (D:8)
  The ghost of varam the Caller, a novice GnSu of Ashenzari (D:6)
  Joseph (D:8)
  Grinder (D:3)
  A hornet (D:7)
  A hippogriff (D:8)
  4 yaks
  Edmund (D:5)
  Duvessa (D:4)
  An orc warrior (D:6)
  3 ogres
  A centaur (D:8)
  A bullfrog (D:4)
  3 scorpions (D:4)
  Dowan (D:5)
  3 killer bees (D:7)
  2 crimson imps
  A bullfrog zombie (D:8)
  An orc priest (D:7)
  A hound (D:5)
  3 bullfrog skeletons
  2 iguanas (D:5)
  Jessica (D:2)
  Natasha (thrice) (D:2)
  3 worker ants
  9 orc wizards
  A killer bee zombie (D:6)
  A howler monkey zombie (D:4)
  19 adders
  2 river rats (D:4)
  An adder zombie (D:6)
  4 worms
  2 dart slugs
  8 leopard geckos
  16 orcs
  A ball python (D:1)
  2 giant cockroaches (D:5)
  7 goblins
  6 hobgoblins
  10 kobolds
  3 quokkas
  5 bats
  3 frilled lizards (D:3)
  2 jackal skeletons
  A leopard gecko skeleton (D:4)
  5 rats
151 creatures vanquished.

Vanquished Creatures (others)
  3 slaves (D:8)
  An orc wizard (D:8)
  An orc (D:8)
5 creatures vanquished.

Grand Total: 156 creatures vanquished

Notes
Turn   | Place    | Note
-------+----------+-------------------------------------------
     0 | D:1      | Ghella the Gargoyle Berserker began the quest for the Orb.
     0 | D:1      | Reached XP level 1. HP: 14/14 MP: 1/1
   131 | D:1      | Reached XP level 2. HP: 7/19 MP: 2/2
  1243 | D:2      | Noticed Natasha
  1272 | D:2      | Killed Natasha
  1272 | D:2      | Reached XP level 3. HP: 18/24 MP: 3/3
  1785 | D:2      | Reached skill level 4 in Maces & Flails
  1786 | D:2      | Reached XP level 4. HP: 28/29 MP: 4/4
  1801 | D:2      | Noticed Jessica
  1806 | D:2      | Killed Jessica
  2423 | D:2      | Reached XP level 5. HP: 23/34 MP: 5/5
  2533 | D:2      | Reached ** piety under Trog
  2558 | D:2      | Found a faded altar of an unknown god.
  2651 | D:2      | Noticed Natasha
  2659 | D:2      | Killed Natasha
  3050 | D:2      | Noticed Natasha
  3057 | D:2      | Killed Natasha
  3722 | D:3      | Found a radiant altar of Vehumet.
  3754 | D:3      | Reached XP level 6. HP: 38/39 MP: 6/6
  3838 | D:3      | Reached skill level 1 in Stealth
  3842 | D:3      | Noticed Grinder
  3869 | D:3      | Killed Grinder
  3869 | D:3      | Reached skill level 5 in Maces & Flails
  3961 | D:3      | Reached XP level 7. HP: 44/44 MP: 7/7
  4443 | D:4      | Reached skill level 5 in Fighting
  4588 | D:4      | Reached skill level 6 in Maces & Flails
  4900 | D:4      | Reached skill level 1 in Shields
  4900 | D:4      | Reached XP level 8. HP: 26/50 MP: 8/8
  4906 | D:4      | Reached *** piety under Trog
  5217 | D:4      | Reached skill level 7 in Maces & Flails
  5506 | D:5      | Entered Level 5 of the Dungeon
  5516 | D:5      | Noticed Dowan
  5517 | D:5      | Noticed Duvessa
  5722 | D:5      | Killed Dowan
  5748 | D:4      | Killed Duvessa
  5989 | D:5      | Found a deep blue altar of Sif Muna.
  6015 | D:5      | Noticed Edmund
  6036 | D:5      | Killed Edmund
  6436 | D:5      | Identified the Tome of the Alphagorgon
  6523 | D:5      | Noticed a dagger
  6523 | D:5      | Noticed a hand axe
  6524 | D:5      | Found a hide-covered altar of Uskayaw.
  6700 | D:6      | Noticed varam's ghost (novice GnSu)
  6736 | D:6      | Noticed a yak
  6737 | D:6      | Noticed a yak
  6737 | D:6      | Noticed a yak
  6737 | D:6      | Noticed a yak
  7382 | D:5      | Killed a yak
  7382 | D:5      | Reached skill level 8 in Maces & Flails
  7382 | D:5      | Reached XP level 9. HP: 44/55 MP: 9/9
  7413 | D:5      | Reached skill level 5 in Dodging
  7950 | D:6      | Killed varam's ghost
  7995 | D:6      | Upgraded the game from 0.22-a0-157-g169b76a to 0.22-a0-160-gcc81d7a
  8005 | D:6      | Found a bloodstained altar of Trog.
  8098 | D:6      | Found a sparkling altar of Nemelex Xobeh.
  8146 | D:6      | Found a stormy altar of Qazlal.
  8167 | D:6      | Found an iron altar of Okawaru.
  8170 | D:6      | Found an opulent altar of Gozag.
  8173 | D:6      | Found a white marble altar of Elyvilon.
  8328 | D:6      | Found a staircase to the Ecumenical Temple.
  8366 | D:7      | Noticed a hornet
  8373 | D:7      | Killed a hornet
  8373 | D:7      | Reached skill level 5 in Shields
  9047 | D:7      | Found Joetet's Jewellery Shoppe.
  9242 | D:7      | Noticed Menkaure
  9258 | D:8      | Noticed Prince Ribbit
  9397 | D:8      | Reached skill level 9 in Maces & Flails
  9588 | D:8      | Noticed Joseph
  9599 | D:8      | Killed Joseph
  9599 | D:8      | Reached XP level 10. HP: 63/63 MP: 10/10
  9679 | D:8      | Noticed a two-headed ogre
  9691 | D:8      | Killed a two-headed ogre
  9794 | D:8      | Noticed Pikel
  9868 | D:8      | Killed Pikel
 10090 | D:8      | Reached **** piety under Trog
 10307 | D:8      | HP: 3/63 [orc warrior/battleaxe (23)]
 10328 | D:8      | Mangled by an orc warrior

Vault maps used:
D:1:      eino_arrival_cavern_b
D:2:      chequers_ecumenical_altar_lobes, uniq_jessica, uniq_natasha
D:3:      lemuel_coloured_pillars_altar, kennysheep_generic_room_14,
          uniq_grinder
D:4:      first_ration, lightli_sewer_entry_pipes
D:5:      kennysheep_big_flooded_room, dancing_weapons_uskayaw,
          kennysheep_mini_moat, palyth_stone_intersect, uniq_duvessa,
          uniq_edmund
D:6:      lightli_temple_of_fire, nemelex_altar_shiori,
          grunt_temple_overflow_cloverleaf, minmay_temple_entry_fiery
D:7:      serial_shops, shop, uniq_crazy_yiuf_cottage, uniq_menkaure
D:8:      kennysheep_spiral_hall, uniq_pikel, uniq_prince_ribbit1, uniq_joseph

Skill      XL: |  1  2  3  4  5  6  7  8  9 10 |
---------------+-------------------------------+-----
Maces & Flails | 4 5 6 8 9 |  9.6
Fighting       | 4 5 6 7 |  7.3
Dodging        | 2 3 4 6 |  6.4
Stealth        | 1 |  1.8
Shields        | 1 3 5 6 |  6.4
Armour         | 3 4 |  4.7

Action                   |  1- 3 |  4- 6 |  7- 9 | 10-12 || total
-------------------------+-------+-------+-------+-------++-------
Melee: Mace              |    78 |   129 |   194 |       ||   401
       Flail             |       |       |   225 |    85 ||   310
Invok: Berserk           |       |     2 |    16 |     1 ||    19
       Trog's Hand       |       |       |     2 |     1 ||     3
       Burn Spellbooks   |       |       |     1 |       ||     1
  Use: Potion            |       |       |     7 |     3 ||    10
       Scroll            |       |       |    10 |     1 ||    11
 Stab: Sleeping          |       |       |     1 |       ||     1
  Eat: Chunk             |     2 |    10 |    10 |     2 ||    24
       Ration            |       |       |     7 |       ||     7
Armor: Animal skin       |    27 |    37 |   130 |       ||   194
       Ring mail         |       |       |     1 |    26 ||    27
       Skin              |       |       |       |    16 ||    16
Dodge: Dodged            |    68 |    96 |   210 |    30 ||   404
Block: Shield            |       |       |   218 |    34 ||   252

Table legend:
 A = Spawn XP
 B = Non-spawn XP
 C = Spawn XP percentage of total XP
 D = Spawn monster count
 E = Non-spawn monster count
 F = Spawn count percentage of total count
 G = Total turns spent on level
                    A         B        C        D         E        F      G
               +---------+---------+-------+---------+---------+-------+---------
         Total |       0 |    6982 |   0.0 |       0 |     151 |   0.0 | 10328
               +---------+---------+-------+---------+---------+-------+---------
           D:1 |       0 |      24 |   0.0 |       0 |      13 |   0.0 |  1221
           D:2 |       0 |     232 |   0.0 |       0 |      25 |   0.0 |  1965
           D:3 |       0 |     390 |   0.0 |       0 |      24 |   0.0 |  1252
           D:4 |       0 |     869 |   0.0 |       0 |      23 |   0.0 |  1276
           D:5 |       0 |    1172 |   0.0 |       0 |      25 |   0.0 |  1927
           D:6 |       0 |    1030 |   0.0 |       0 |      12 |   0.0 |   983
           D:7 |       0 |     551 |   0.0 |       0 |       7 |   0.0 |   632
           D:8 |       0 |    2714 |   0.0 |       0 |      22 |   0.0 |  1072
               +---------+---------+-------+---------+---------+-------+---------
